 Dungeon Crawl Stone Soup version 0.26-a0-835-g8259106e14 (webtiles) character file.

Game seed: 16399619324299608371

835 Kinoniko the Cudgeller (level 7, -2/51 HPs)
             Began as a Demonspawn Gladiator on Nov 17, 2020.
             Killed by divine providence
             ... invoked by an orc priest
              (9 damage)
             ... on level 5 of the Dungeon.
             The game lasted 00:05:20 (5024 turns).

Kinoniko the Cudgeller (Demonspawn Gladiator)       Turns: 5024, Time: 00:05:21

Health: -2/51      AC: 21    Str: 16 (17) XL:     7   Next: 66%
Magic:  0/7        EV: 10    Int:  8 (9)  God:
Gold:   178        SH:  0    Dex: 12 (14) Spells: 6/6 levels left

rFire    + . .     SeeInvis +   l - +3 flail (protect)
rCold    . . .     Faith    .   (no shield)
rNeg     . . .     Spirit   +   m - +1 scale mail {rF+}
rPois    +         Reflect  .   c - +0 helmet
rElec    .         Harm     .   h - +2 cloak {rPois}
rCorr    .         Rampage  .   r - +0 pair of gloves
MR       .....                  (no boots)
Stlth    ..........             e - amulet of magic regeneration
HPRegen  0.17/turn              j - ring of see invisible
MPRegen  0.35/turn              (no ring)

@: protection aura
A: molten scales 1, spiny 2, magic shield
a: no special abilities


You were on level 5 of the Dungeon.
You visited 1 branch of the dungeon, and saw 5 of its levels.

You collected 178 gold pieces.

Inventory:

Hand Weapons
 a - a +0 war axe
 l - a +3 flail of protection (weapon)
Missiles
 d - 3 throwing nets (quivered)
Armour
 c - a +0 helmet (worn)
 h - a +2 cloak of poison resistance (worn)
 m - a +1 scale mail of fire resistance (worn)
 r - a +0 pair of gloves (worn)
Jewellery
 e - an amulet of magic regeneration (around neck)
 j - a ring of see invisible (left hand)
Wands
 b - a wand of random effects (5)
Scrolls
 f - a scroll of magic mapping {unknown}
 g - 4 scrolls of identify
 i - 3 scrolls of remove curse
 n - 3 scrolls of enchant armour {unknown}
 o - a scroll of enchant weapon {unknown}
 p - a scroll of fog
Potions
 k - 2 potions of brilliance


   Skills:
 - Level 2.3 Fighting
 - Level 4.4(6.0) Axes
 * Level 6.2(6.9) Maces & Flails
 - Level 2.1 Throwing
 - Level 0.6 Armour
 - Level 3.4 Dodging
 - Level 0.6 Stealth


You had 6 spell levels left.
You didn't know any spells.
Your spell library was empty.

Dungeon Overview and Level Annotations

Branches:
Dungeon (5/15)
 Temple: D:4-7

Altars:
Cheibriados

Annotations:
D:4 3 runed translucent doors, Flure's ghost, weakling DgTm; P0NYSLAYSTATION's ghost, amateur HOMo; iamserjio's ghost, novice OpCK


Innate Abilities, Weirdness & Mutations

You are partially covered in molten scales. (AC +2)
You are mostly covered in sharp spines.
When hurt, damage is shared between your health and your magic reserves.


Message History

The orc priest is moderately wounded.
The orc priest mumbles some strange prayers to Beogh against you.
Beogh smites you!
The orc hits you with a +1 antimagic morningstar!
You feel your power leaking away. The ice beast is struck by your spines.
The ice beast hits you. The ice beast freezes you!
It was a potion of cancellation.
You feel magically purged.
The orc priest hits you but does no damage.
The orc is struck by your spines.
You kill the orc!
The ice beast hits you. The ice beast freezes you!
* * * LOW HITPOINT WARNING * * *
You hit the orc priest.
The orc priest is severely wounded.
The orc wizard casts a spell at you.
The magic dart hits you but does no damage.
The orc priest calls down the wrath of Beogh upon you.
Beogh smites you!
You die...

.............))...#
#.......>.....)..##
...........<....##
..............###
#........###
###....### ##
#..####
##...#####..#
#.....o@...##
......oY...#
...........#
.......##...#
#...... #...#
#...... #...#
##..... ##..#
#..... ...


You could see an ice beast, an orc priest and an orc wizard (fast).

Vanquished Creatures
  Eustachio (D:4)
  Blork the orc (D:4)
  A bullfrog (D:3)
  3 orc priests
  Crazy Yiuf (D:3)
  Natasha (thrice) (D:3)
  Terence (D:2)
  3 worker ants (D:4)
  Ijyb (D:4)
  Robin (D:2)
  3 gnolls (D:4)
  7 adders
  3 oozes
  An adder zombie (D:5)
  A worm (D:2)
  5 dart slugs
  5 leopard geckos
  16 orcs
  10 bats
  6 giant cockroaches
  18 goblins
  9 hobgoblins
  2 jackals (D:2)
  2 quokkas
  2 ball pythons
  5 frilled lizards
  2 kobolds
  7 rats
120 creatures vanquished.

Notes
Turn   | Place    | Note
-------+----------+-------------------------------------------
     0 | D:1      | Kinoniko the Demonspawn Gladiator began the quest for the
                  | Orb.
     0 | D:1      | Reached XP level 1. HP: 16/16 MP: 1/1
    90 | D:1      | Gained mutation: You are partially covered in sharp spines.
                  | [demonic ancestry]
    90 | D:1      | Reached XP level 2. HP: 22/22 MP: 2/2
   345 | D:1      | Gained mutation: When hurt, damage is shared between your
                  | health and your magic reserves. [demonic ancestry]
   345 | D:1      | Reached XP level 3. HP: 27/27 MP: 3/3
   830 | D:2      | Noticed Robin
   841 | D:2      | Killed Robin
   842 | D:2      | Gained mutation: You are partially covered in molten
                  | scales. (AC +2) [demonic ancestry]
   842 | D:2      | Reached XP level 4. HP: 10/33 MP: 4/4
  1333 | D:2      | You fall into a shaft and drop 1 floor!
  1425 | D:3      | Noticed Natasha
  1433 | D:3      | Killed Natasha
  1686 | D:2      | Reached XP level 5. HP: 39/39 MP: 5/5
  1954 | D:2      | Noticed Terence
  1970 | D:2      | Killed Terence
  2136 | D:2      | Found a snail-covered altar of Cheibriados.
  2268 | D:2      | Reached skill level 1 in Maces & Flails
  2532 | D:3      | Noticed Natasha
  2540 | D:3      | Killed Natasha
  2667 | D:3      | Reached skill level 2 in Maces & Flails
  2712 | D:3      | Noticed Natasha
  2717 | D:3      | Killed Natasha
  2718 | D:3      | Reached XP level 6. HP: 43/45 MP: 6/6
  2948 | D:3      | Reached skill level 3 in Maces & Flails
  3029 | D:3      | Found a runed translucent door.
  3030 | D:3      | Noticed Crazy Yiuf
  3417 | D:3      | Killed Crazy Yiuf
  3760 | D:4      | Found a runed translucent gate.
  3760 | D:4      | Found a runed translucent gate.
  3760 | D:4      | Found a runed translucent gate.
  3764 | D:4      | Noticed Flure's ghost (weakling DgTm)
  3764 | D:4      | Noticed P0NYSLAYSTATION's ghost (amateur HOMo)
  3764 | D:4      | Noticed iamserjio's ghost (novice OpCK)
  3822 | D:4      | Reached skill level 4 in Maces & Flails
  4077 | D:4      | Noticed Ijyb
  4088 | D:4      | Killed Ijyb
  4089 | D:4      | Gained mutation: You are mostly covered in sharp spines.
                  | [demonic ancestry]
  4089 | D:4      | Reached XP level 7. HP: 51/51 MP: 7/7
  4123 | D:4      | Noticed Eustachio
  4146 | D:4      | Killed Eustachio
  4147 | D:4      | Reached skill level 5 in Maces & Flails
  4326 | D:4      | Noticed Blork the orc
  4334 | D:4      | Killed Blork the orc
  4502 | D:4      | Reached skill level 6 in Maces & Flails
  4979 | D:5      | Entered Level 5 of the Dungeon
  5024 | D:5      | Killed from afar by an orc priest

Illustrated notes

Levels and vault maps discovered:
D:1:      dpeg_arrival_line_fractal, layout_basic, minmay_box_of_dots
D:2:      layout_basic, kennysheep_slug_shrine, minmay_pentomino_w4,
          uniq_terence, uniq_robin
D:3:      layout_basic, uniq_crazy_yiuf_cottage, uniq_natasha
D:4:      layout_basic, gammafunk_ghost_cemetery,
          hangedman_abyss_or_decor_jellyfish_corner, uniq_ijyb, uniq_eustachio,
          uniq_blork_the_orc
D:5:      layout_cave_pods, vehumet_altar_wand_db,
          nicolae_overflow_crystal_walls, minmay_temple_entry_mini_moons,
          serial_shops, shop, uniq_sigmund

Skill      XL: |  1  2  3  4  5  6  7 |
---------------+----------------------+-----
Throwing       | 2 |  2.1
Dodging        | 3 |  3.4
Axes           | 3 4 |  4.4
Maces & Flails | 2 4 6 |  6.2
Fighting       | |  2.3
Armour         | |  0.6
Stealth        | |  0.6

Action                   |  1- 3 |  4- 6 |  7- 9 || total
-------------------------+-------+-------+-------++-------
Melee: War axe           |    67 |    54 |       ||   121
       Flail             |       |    99 |    67 ||   166
  Use: Scroll            |       |     5 |       ||     5
       Potion            |       |     7 |     1 ||     8
Armor: Ring mail         |    36 |    19 |       ||    55
       Leather armour    |     4 |       |       ||     4
       Scale mail        |       |    37 |    45 ||    82
Dodge: Dodged            |    64 |    78 |    41 ||   183

Table legend: (Time is in decaauts)
 A = Elapsed time spent in this place.
 B = Non-inter-level travel time spent in this place.
 C = Inter-level travel time spent in this place.
 D = Time resting spent in this place.
 E = Time spent auto-exploring this place.
 F = Levels seen in this place.
 G = Mean time per level.
                   A        B        C        D        E       F      G
               +--------+--------+--------+--------+--------+-----+--------+
         Total |   5078 |   4980 |     98 |    841 |   3456 |   5 | 1015.6 |
       Dungeon |   5078 |   4980 |     98 |    841 |   3456 |   5 | 1015.6 |
               +--------+--------+--------+--------+--------+-----+--------+

Top non-repeatable levels by time:
     D:2: 1651 daAuts
     D:3: 1323 daAuts
     D:4: 1233 daAuts
     D:1: 823 daAuts
     D:5: 45 daAuts
